TOP OF THE 1ST |
Hartford Yard Goats batting - Pitching for West Virginia Power : RHP Jeff Crescimanno
|
Pitching: RHP Jeff Crescimanno
|
|
Batting: RHB Doug D'Onofrio
|
0-0: Ball 1-0: Ball 2-0: Fly out, F4 (Line Drive, 4, EV 70.6 MPH)
|
Batting: LHB Mick Tucker
|
0-0: Foul Ball, location: 2F 0-1: SINGLE (Groundball, 34D, EV 99.4 MPH) (infield hit)
|
Batting: RHB Kevin Tangeman
|
0-0: Called Strike 0-1: Ball 1-1: Swinging Strike 1-2: Foul Ball, location: 2F 1-2: Fly out, F7 (Flyball, 78S, EV 86.2 MPH)
|
Batting: LHB Paul McClintock
|
0-0: Called Strike 0-1: Foul Ball, location: 2F 0-2: SINGLE (Line Drive, 7S, EV 98.1 MPH) Mick Tucker to second
|
Batting: RHB Manny Thompson
|
0-0: Ball 1-0: Called Strike 1-1: SINGLE (Groundball, 6MD, EV 95.0 MPH) Mick Tucker to third Paul McClintock to second Runner from 3rd tries for Home, SAFE, throw by CF to home
|
Batting: SHB Craig Ruzic
|
0-0: Ball 1-0: Fly out, F6 (Flyball, 56D, EV 88.8 MPH)
|
Top of the 1st over - 1 run, 3 hits, 0 errors, 2 left on base; Hartford 1 - West Virginia 0 |
BOTTOM OF THE 1ST |
West Virginia Power batting - Pitching for Hartford Yard Goats : RHP Tanner Brazeal
|
Pitching: RHP Tanner Brazeal
|
|
Batting: RHB Ken Manser
|
0-0: Called Strike 0-1: Ball 1-1: Called Strike 1-2: Strikes out swinging
|
Batting: RHB Terrence Wilson
|
0-0: Called Strike 0-1: DOUBLE (Line Drive, 7LM, EV 103.1 MPH)
|
Batting: LHB Tomohiro Yokoyama
|
0-0: Foul Ball, location: 2F 0-1: DOUBLE (Line Drive, 78XD, EV 98.1 MPH) Terrence Wilson scores
|
Batting: RHB Dave Fredericks
|
0-0: Swinging Strike 0-1: Called Strike 0-2: Strikes out looking
|
Batting: RHB Brandon White
|
0-0: Ground out 4-3 (Groundball, 4S, EV 67.5 MPH)
|
Bottom of the 1st over - 1 run, 2 hits, 0 errors, 1 left on base; Hartford 1 - West Virginia 1 |
TOP OF THE 2ND |
Hartford Yard Goats batting - Pitching for West Virginia Power : RHP Jeff Crescimanno
|
Batting: RHB Seisaburo Edagawa
|
0-0: Swinging Strike 0-1: Foul Ball, location: 2F 0-2: Ball 1-2: Strikes out swinging
|
Batting: SHB Clayton Saunders
|
0-0: SINGLE (Line Drive, 78M, EV 97.5 MPH)
|
Batting: RHB Ighlas Mwara
|
0-0: Called Strike 0-1: Foul Ball, location: 2F 0-2: Fielders Choice at 2nd, 4-6 (Groundball, 4, EV 81.9 MPH)
|
Batting: RHB Doug D'Onofrio
|
0-0: Called Strike 0-1: Ball 1-1: Ball 2-1: Swinging Strike 2-2: Foul Ball, location: 2F 2-2: Strikes out swinging
|
Top of the 2nd over - 0 runs, 1 hit, 0 errors, 1 left on base; Hartford 1 - West Virginia 1 |
BOTTOM OF THE 2ND |
West Virginia Power batting - Pitching for Hartford Yard Goats : RHP Tanner Brazeal
|
Batting: RHB Jaime Dubicki
|
0-0: SINGLE (Line Drive, 8RS, EV 88.8 MPH)
|
Batting: RHB Tim Moore
|
0-0: Ball 1-0: Ball 2-0: Reached on error, E6 (Groundball, 6S, EV 81.9 MPH) Jaime Dubicki to second
|
Batting: RHB Chris Beckham
|
0-0: Swinging Strike 0-1: Ball 1-1: Foul Ball, location: 2F 1-2: Fly out, F4 (Line Drive, 4MD, EV 70.6 MPH)
|
Batting: RHB Bob Raine
|
0-0: Grounds into double play, 6-4-3 (Groundball, 6, EV 91.2 MPH)
|
Bottom of the 2nd over - 0 runs, 1 hit, 1 error, 1 left on base; Hartford 1 - West Virginia 1 |
TOP OF THE 3RD |
Hartford Yard Goats batting - Pitching for West Virginia Power : RHP Jeff Crescimanno
|
Batting: LHB Mick Tucker
|
0-0: Called Strike 0-1: Ball 1-1: Foul Ball, location: 2F 1-2: Ball 2-2: Foul Ball, location: 2F 2-2: Fly out, F8 (Flyball, 89M, EV 88.8 MPH)
|
Batting: RHB Kevin Tangeman
|
0-0: Called Strike 0-1: Ball 1-1: Swinging Strike 1-2: Foul Ball, location: 2F 1-2: Ground out 6-3 (Groundball, 6MS, EV 87.5 MPH)
|
Batting: LHB Paul McClintock
|
0-0: Called Strike 0-1: Swinging Strike 0-2: Ball 1-2: Foul Ball, location: 2F 1-2: Strikes out swinging
|
Top of the 3rd over - 0 runs, 0 hits, 0 errors, 0 left on base; Hartford 1 - West Virginia 1 |
BOTTOM OF THE 3RD |
West Virginia Power batting - Pitching for Hartford Yard Goats : RHP Tanner Brazeal
|
Batting: RHB Ken Manser
|
0-0: Ball 1-0: Ball 2-0: Fly out, F9 (Flyball, 9D, EV 98.8 MPH)
|
Batting: RHB Terrence Wilson
|
0-0: Ball 1-0: Ball 2-0: Ball 3-0: Called Strike 3-1: Fly out, F8 (Flyball, 8RM, EV 77.5 MPH)
|
Batting: LHB Tomohiro Yokoyama
|
0-0: Ground out 4-3 (Groundball, 34D, EV 99.4 MPH)
|
Bottom of the 3rd over - 0 runs, 0 hits, 0 errors, 0 left on base; Hartford 1 - West Virginia 1 |
TOP OF THE 4TH |
Hartford Yard Goats batting - Pitching for West Virginia Power : RHP Jeff Crescimanno
|
Batting: RHB Manny Thompson
|
0-0: Ball 1-0: Reached via error on a dropped throw from 3B, E3 (Groundball, 5S, EV 84.4 MPH)
|
Batting: SHB Craig Ruzic
|
0-0: Ball 1-0: SINGLE (Groundball, 4S, EV 61.2 MPH) (infield hit) Manny Thompson to second
|
Batting: RHB Seisaburo Edagawa
|
0-0: Ball 1-0: Ball 2-0: Called Strike 2-1: Fielders Choice at 2nd, 3-6 (Groundball, 34S, EV 84.4 MPH) Manny Thompson to third
|
Batting: SHB Clayton Saunders
|
0-0: Called Strike Seisaburo Edagawa steals 2nd base 0-1: Swinging Strike 0-2: Fly out, F7 (Line Drive, 7LD, EV 91.9 MPH) Runner from 3rd tags up, SCORES, no throw by LF
|
Batting: RHB Ighlas Mwara
|
0-0: Ball 1-0: Swinging Strike 1-1: Swinging Strike 1-2: Strikes out swinging
|
Top of the 4th over - 1 run, 1 hit, 1 error, 1 left on base; Hartford 2 - West Virginia 1 |
BOTTOM OF THE 4TH |
West Virginia Power batting - Pitching for Hartford Yard Goats : RHP Tanner Brazeal
|
Batting: RHB Dave Fredericks
|
0-0: Ball 1-0: Ball 2-0: Ball 3-0: Foul Ball, location: 2F 3-1: SINGLE (Groundball, 4MD, EV 103.8 MPH) (infield hit)
|
Batting: RHB Brandon White
|
0-0: Ball 1-0: Ball 2-0: Ball 3-0: Base on Balls Dave Fredericks to second
|
Batting: RHB Jaime Dubicki
|
0-0: Ball 1-0: Called Strike 1-1: Ball 2-1: SINGLE (Flyball, 89S, EV 86.2 MPH) Dave Fredericks to third Brandon White to second Runner from 3rd tries for Home, SAFE, throw by RF to home
|
Batting: RHB Tim Moore
|
0-0: Foul Ball, location: 2F 0-1: Foul Ball, location: 2F 0-2: SINGLE (Line Drive, 89S, EV 103.8 MPH) Brandon White to third Jaime Dubicki to second
|
Batting: RHB Chris Beckham
|
0-0: Ball 1-0: Fly out, F7 (Line Drive, 56D, EV 60.6 MPH)
|
Batting: RHB Bob Raine
|
0-0: Called Strike 0-1: Called Strike 0-2: Ball 1-2: Ball 2-2: Ground out 4-3 (Groundball, 4MS, EV 72.5 MPH) Brandon White scores Jaime Dubicki to third Tim Moore to second
|
Batting: RHB Ken Manser
|
0-0: Ball 1-0: Ball 2-0: Called Strike 2-1: Ball 3-1: Base on Balls
|
Batting: RHB Terrence Wilson
|
0-0: Ball 1-0: Ball 2-0: Called Strike 2-1: Ball 3-1: Base on Balls Jaime Dubicki scores Tim Moore to third Ken Manser to second
|
Batting: LHB Tomohiro Yokoyama
|
0-0: Ball 1-0: Ball 2-0: Ball 3-0: Called Strike 3-1: Fielders Choice at 2nd, 6-4 (Groundball, 6, EV 82.5 MPH)
|
Bottom of the 4th over - 3 runs, 3 hits, 0 errors, 3 left on base; Hartford 2 - West Virginia 4 |
TOP OF THE 5TH |
Hartford Yard Goats batting - Pitching for West Virginia Power : RHP Jeff Crescimanno
|
Batting: RHB Doug D'Onofrio
|
0-0: Ball 1-0: Called Strike 1-1: Called Strike 1-2: Ball 2-2: Foul Ball, location: 2F 2-2: Ground out 6-3 (Groundball, 6, EV 77.5 MPH)
|
Batting: LHB Mick Tucker
|
0-0: Ball 1-0: Fly out, F7 (Flyball, 78M, EV 84.4 MPH)
|
Batting: RHB Kevin Tangeman
|
0-0: Foul Ball, location: 2F 0-1: Ball 1-1: Called Strike 1-2: Ball 2-2: Fly out, F9 (Flyball, 8RS, EV 93.1 MPH)
|
Top of the 5th over - 0 runs, 0 hits, 0 errors, 0 left on base; Hartford 2 - West Virginia 4 |
BOTTOM OF THE 5TH |
West Virginia Power batting - Pitching for Hartford Yard Goats : RHP Tanner Brazeal
|
Batting: RHB Dave Fredericks
|
0-0: Foul Ball, location: 2F 0-1: Ball 1-1: Called Strike 1-2: Ball 2-2: Ground out 6-3 (Groundball, 6M, EV 85.0 MPH)
|
Batting: RHB Brandon White
|
0-0: Called Strike 0-1: Ball 1-1: Called Strike 1-2: Ball 2-2: Ball 3-2: Base on Balls
|
Batting: RHB Jaime Dubicki
|
0-0: Foul Ball, location: 2F 0-1: Foul Ball, location: 2F 0-2: DOUBLE (Groundball, 5L, EV 108.1 MPH) Brandon White to third
|
Pitching: RHP Jim Crooks
|
|
Batting: RHB Tim Moore
|
0-0: Swinging Strike 0-1: Foul Ball, location: 2F 0-2: Strikes out swinging
|
Batting: RHB Chris Beckham
|
0-0: Ball 1-0: SINGLE (Groundball, 56D, EV 105.6 MPH) Brandon White scores Jaime Dubicki to third
|
Batting: RHB Bob Raine
|
0-0: Ball 1-0: Ground out 5-3 (Groundball, 56S, EV 83.1 MPH)
|
Bottom of the 5th over - 1 run, 2 hits, 0 errors, 2 left on base; Hartford 2 - West Virginia 5 |
TOP OF THE 6TH |
Hartford Yard Goats batting - Pitching for West Virginia Power : RHP Jeff Crescimanno
|
Batting: LHB Paul McClintock
|
0-0: Ball 1-0: Called Strike 1-1: SINGLE (Flyball, 34D, EV 90.6 MPH)
|
Batting: RHB Manny Thompson
|
0-0: Ball Paul McClintock steals 2nd base 1-0: Ball 2-0: Ball 3-0: Base on Balls
|
Batting: SHB Craig Ruzic
|
0-0: Ball 1-0: Ball 2-0: Called Strike 2-1: Ball 3-1: Called Strike 3-2: DOUBLE (Line Drive, 7LM, EV 105.0 MPH) Paul McClintock scores Manny Thompson to third
|
Batting: RHB Seisaburo Edagawa
|
0-0: Called Strike 0-1: Ball 1-1: Foul Ball, location: 2F 1-2: Strikes out swinging
|
Pitching: LHP Hujime Ishida
|
|
Batting: SHB Clayton Saunders
|
0-0: Ball 1-0: Ball 2-0: Ball 3-0: Base on Balls
|
Batting: RHB Ighlas Mwara
|
0-0: Called Strike 0-1: Ball 1-1: Ball 2-1: Ball 3-1: Swinging Strike 3-2: Foul Ball, location: 2F 3-2: Strikes out swinging
|
Batting: RHB Doug D'Onofrio
|
0-0: Called Strike 0-1: Swinging Strike 0-2: Foul Ball, location: 2F 0-2: Ground out 2-3 (Groundball, 13S, EV 73.8 MPH)
|
Top of the 6th over - 1 run, 2 hits, 0 errors, 3 left on base; Hartford 3 - West Virginia 5 |
BOTTOM OF THE 6TH |
West Virginia Power batting - Pitching for Hartford Yard Goats : RHP Jim Crooks
|
Batting: RHB Ken Manser
|
0-0: Foul Ball, location: 2F 0-1: Foul Ball, location: 2F 0-2: Ball 1-2: Ball 2-2: Ball 3-2: Base on Balls
|
Batting: RHB Terrence Wilson
|
0-0: Ball 1-0: Ball 2-0: Foul Ball, location: 2F 2-1: Called Strike Ken Manser steals 2nd base (no throw) 2-2: Strikes out looking
|
Batting: LHB Tomohiro Yokoyama
|
0-0: Ground out 4-3 (Groundball, 4, EV 90.6 MPH) Ken Manser to third
|
Batting: RHB Dave Fredericks
|
0-0: Foul Ball, location: 2F 0-1: Foul Ball, location: 2F 0-2: Foul Ball, location: 2F 0-2: Foul Ball, location: 2F 0-2: Ball 1-2: Ball 2-2: 2-RUN HOME RUN (Flyball, 78XD, EV 114.4 MPH), Distance : 427 ft
|
Batting: RHB Brandon White
|
0-0: Fly out, F7 (Line Drive, 78M, EV 106.2 MPH)
|
Bottom of the 6th over - 2 runs, 1 hit, 0 errors, 0 left on base; Hartford 3 - West Virginia 7 |
TOP OF THE 7TH |
Hartford Yard Goats batting - Pitching for West Virginia Power : LHP Hujime Ishida
|
Batting: LHB Mick Tucker
|
0-0: Foul Ball, location: 2F 0-1: Ball 1-1: Ball 2-1: Hit by Pitch
|
Batting: RHB Kevin Tangeman
|
0-0: Called Strike 0-1: Foul Ball, location: 2F 0-2: Strikes out swinging
|
Batting: LHB Paul McClintock
|
0-0: Swinging Strike 0-1: Ball Mick Tucker is caught stealing 2nd base 2-6 1-1: Ball 2-1: Swinging Strike 2-2: Ball 3-2: Base on Balls
|
Batting: RHB Manny Thompson
|
0-0: Called Strike 0-1: Foul Ball, location: 2F 0-2: Ball 1-2: Reached on error, E4 (Groundball, 4, EV 91.9 MPH) Paul McClintock to third
|
Batting: SHB Craig Ruzic
|
0-0: Ball 1-0: Foul Ball, location: 2F 1-1: Swinging Strike 1-2: Ball 2-2: Ball 3-2: Fly out, F5 (Flyball, 56D, EV 85.6 MPH)
|
Top of the 7th over - 0 runs, 0 hits, 1 error, 2 left on base; Hartford 3 - West Virginia 7 |
BOTTOM OF THE 7TH |
West Virginia Power batting - Pitching for Hartford Yard Goats : RHP Jim Crooks
|
Pitching: RHP Josh Blaschke
|
|
Batting: RHB Jaime Dubicki
|
0-0: Foul Ball, location: 2F 0-1: Fly out, F9 (Flyball, 89S, EV 86.9 MPH)
|
Batting: RHB Tim Moore
|
0-0: Ball 1-0: Called Strike 1-1: Swinging Strike 1-2: Foul Ball, location: 2F 1-2: Ball 2-2: Ball 3-2: TRIPLE (Groundball, 3L, EV 105.6 MPH)
|
Batting: RHB Chris Beckham
|
0-0: Fly out, F9 (Line Drive, 9S, EV 100.0 MPH)
|
Batting: RHB Bob Raine
|
0-0: Called Strike 0-1: Fly out, F7 (Flyball, 7, EV 91.2 MPH)
|
Bottom of the 7th over - 0 runs, 1 hit, 0 errors, 1 left on base; Hartford 3 - West Virginia 7 |
TOP OF THE 8TH |
Hartford Yard Goats batting - Pitching for West Virginia Power : LHP Hujime Ishida
|
Pitching: RHP Nelson Villalva
|
|
Batting: RHB Seisaburo Edagawa
|
0-0: Called Strike 0-1: Ball 1-1: Fly out, F8 (Flyball, 8RD, EV 99.4 MPH)
|
Batting: SHB Clayton Saunders
|
0-0: Called Strike 0-1: Ball 1-1: Ball 2-1: Foul Ball, location: 2F 2-2: Strikes out swinging
|
Batting: RHB Ighlas Mwara
|
0-0: Ball 1-0: Called Strike 1-1: Swinging Strike 1-2: Foul Ball, location: 2F 1-2: Foul Ball, location: 2F 1-2: Strikes out swinging
|
Top of the 8th over - 0 runs, 0 hits, 0 errors, 0 left on base; Hartford 3 - West Virginia 7 |
BOTTOM OF THE 8TH |
West Virginia Power batting - Pitching for Hartford Yard Goats : RHP Josh Blaschke
|
Pitching: RHP Wilson Mendez
|
|
Batting: RHB Ken Manser
|
0-0: Ball 1-0: Called Strike 1-1: Fly out, F8 (Flyball, 8RS, EV 75.6 MPH)
|
Batting: RHB Terrence Wilson
|
0-0: Fly out, F6 (Popup, P, EV 81.9 MPH)
|
Batting: LHB Tomohiro Yokoyama
|
0-0: Called Strike 0-1: Foul Ball, location: 2F 0-2: Fly out, F8 (Flyball, 8RXD, EV 88.8 MPH)
|
Bottom of the 8th over - 0 runs, 0 hits, 0 errors, 0 left on base; Hartford 3 - West Virginia 7 |
TOP OF THE 9TH |
Hartford Yard Goats batting - Pitching for West Virginia Power : RHP Nelson Villalva
|
Batting: RHB Doug D'Onofrio
|
0-0: Reached on error, E6 (Groundball, 6, EV 87.5 MPH)
|
Batting: LHB Mick Tucker
|
0-0: Called Strike 0-1: Foul Ball, location: 2F 0-2: Foul Ball, location: 2F 0-2: Strikes out swinging
|
Batting: RHB Kevin Tangeman
|
0-0: Ball 1-0: Foul Ball, location: 2F 1-1: Ball 2-1: Fielders Choice at 2nd, 3-6 (Groundball, 23, EV 89.4 MPH)
|
Batting: LHB Paul McClintock
|
0-0: Foul Ball, location: 2F 0-1: Foul Ball, location: 2F 0-2: Strikes out swinging
|
Top of the 9th over - 0 runs, 0 hits, 1 error, 1 left on base; Hartford 3 - West Virginia 7 |
|